MLB
ATLANTA BRAVES @ WASHINGTON NATIONALS
06/22/2019
 
TOP OF THE 1ST
Atlanta Braves batting - Pitching for Washington Nationals : RHP Corey Kluber
Pitching: RHP Corey Kluber
Batting: LHB Mallex Smith 0-0: Bunt for hit to 15S - play at first, batter OUT! 1-3
Batting: LHB Ben Gamel 0-0: Called Strike
0-1: Called Strike
0-2: Foul Ball, location: 2F
0-2: Foul Ball, location: 2F
0-2: SINGLE (Line Drive, 3D, EV 110.0 MPH)
Batting: RHB Miguel Sano 0-0: Ball
1-0: Fly out, F8 (Line Drive, 8LD, EV 91.9 MPH)
Batting: LHB Lucas Duda 0-0: Called Strike
0-1: Ball
1-1: Ball
2-1: Ball
3-1: Fly out, F8 (Flyball, 78D, EV 105.6 MPH)
Top of the 1st over - 0 runs, 1 hit, 0 errors, 1 left on base; Atlanta 0 - Washington 0
BOTTOM OF THE 1ST
Washington Nationals batting - Pitching for Atlanta Braves : LHP Cole Hamels
Pitching: LHP Cole Hamels
Batting: RHB Yulieski Gurriel 0-0: Ball
1-0: Fly out, F7 (Flyball, 7LM, EV 96.3 MPH)
Batting: RHB Austin Barnes 0-0: Fly out, F9 (Flyball, 9LM, EV 107.5 MPH)
Batting: SHB Aaron Hicks 0-0: Called Strike
0-1: Foul Ball, location: 2F
0-2: Ball
1-2: Ball
2-2: Strikes out swinging
Bottom of the 1st over - 0 runs, 0 hits, 0 errors, 0 left on base; Atlanta 0 - Washington 0
TOP OF THE 2ND
Atlanta Braves batting - Pitching for Washington Nationals : RHP Corey Kluber
Batting: RHB Domingo Santana 0-0: Called Strike
0-1: Foul Ball, location: 2F
0-2: Ball
1-2: Ground out 1-3 (Groundball, 13S, EV 63.8 MPH)
Batting: RHB Adeiny Hechavarria 0-0: Foul Ball, location: 2F
0-1: Ball
1-1: Ball
2-1: Foul Ball, location: 2F
2-2: Strikes out swinging
Batting: RHB Pat Valaika 0-0: Swinging Strike
0-1: Foul Ball, location: 2F
0-2: Ball
1-2: Ball
2-2: Foul Ball, location: 2F
2-2: Strikes out swinging
Top of the 2nd over - 0 runs, 0 hits, 0 errors, 0 left on base; Atlanta 0 - Washington 0
BOTTOM OF THE 2ND
Washington Nationals batting - Pitching for Atlanta Braves : LHP Cole Hamels
Batting: RHB Chris Taylor 0-0: Fly out, F8 (Line Drive, 8RM, EV 98.1 MPH)
Batting: LHB Yonder Alonso 0-0: Ball
1-0: Ball
2-0: Ball
3-0: Called Strike
3-1: Foul Ball, location: 2F
3-2: Fly out, F8 (Flyball, 8RXD, EV 88.1 MPH)
Batting: LHB Joe Panik 0-0: Foul Ball, location: 2F
0-1: Foul Ball, location: 2F
0-2: Ball
1-2: Ball
2-2: Ball
3-2: Base on Balls
Batting: RHB Daniel Robertson 0-0: Called Strike
0-1: Ball
1-1: Ball
2-1: Foul Ball, location: 2F
2-2: Ball
3-2: Strikes out swinging
Bottom of the 2nd over - 0 runs, 0 hits, 0 errors, 1 left on base; Atlanta 0 - Washington 0
TOP OF THE 3RD
Atlanta Braves batting - Pitching for Washington Nationals : RHP Corey Kluber
Batting: RHB Jorge Alfaro 0-0: Called Strike
0-1: Ball
1-1: Swinging Strike
1-2: Ball
2-2: Strikes out swinging
Batting: LHB Cole Hamels 0-0: Foul Ball, location: 2F
0-1: Foul Ball, location: 2F
0-2: Ball
1-2: SINGLE (Line Drive, 56D, EV 106.3 MPH)
Batting: LHB Mallex Smith 0-0: Fielders Choice at 2nd, 4-6 (Groundball, 4, EV 101.3 MPH)
Batting: LHB Ben Gamel 0-0: Called Strike
0-1: Called Strike
0-2: Ball
1-2: Strikes out looking
Top of the 3rd over - 0 runs, 1 hit, 0 errors, 1 left on base; Atlanta 0 - Washington 0
BOTTOM OF THE 3RD
Washington Nationals batting - Pitching for Atlanta Braves : LHP Cole Hamels
Batting: RHB Jose Pirela 0-0: Swinging Strike
0-1: Swinging Strike
0-2: Ball
1-2: Strikes out swinging
Batting: RHB Corey Kluber 0-0: Called Strike
0-1: Ground out 4-3 (Groundball, 4S, EV 82.5 MPH)
Batting: RHB Yulieski Gurriel 0-0: Ball
1-0: Ground out 5-3 (Groundball, 56S, EV 90.6 MPH)
Bottom of the 3rd over - 0 runs, 0 hits, 0 errors, 0 left on base; Atlanta 0 - Washington 0
TOP OF THE 4TH
Atlanta Braves batting - Pitching for Washington Nationals : RHP Corey Kluber
Batting: RHB Miguel Sano 0-0: Ball
1-0: Ball
2-0: Called Strike
2-1: SINGLE (Line Drive, 78M, EV 101.3 MPH)
Batting: LHB Lucas Duda 0-0: Ball
1-0: Ball
2-0: Foul Ball, location: 2F
2-1: Foul Ball, location: 2F
2-2: Foul Ball, location: 2F
2-2: Foul Ball, location: 2F
2-2: 2-RUN HOME RUN (Flyball, 9D, EV 105.0 MPH), Distance : 364 ft
Batting: RHB Domingo Santana 0-0: Ball
1-0: Called Strike
1-1: Ball
2-1: Swinging Strike
2-2: Foul Ball, location: 2F
2-2: Foul Ball, location: 2F
2-2: Strikes out swinging
Batting: RHB Adeiny Hechavarria 0-0: Ball
1-0: Called Strike
1-1: SINGLE (Groundball, 56D, EV 105.6 MPH)
Batting: RHB Pat Valaika 0-0: Ball
1-0: Fielders Choice at 2nd, 6-4 (Groundball, 6, EV 81.9 MPH)
Batting: RHB Jorge Alfaro 0-0: Ball
1-0: Swinging Strike
1-1: Ball
2-1: Ball
3-1: SINGLE (Flyball, 9, EV 88.8 MPH)
Pat Valaika to second
Batting: LHB Cole Hamels 0-0: Ball
1-0: Called Strike
1-1: Ball
2-1: Fielders Choice at 2nd, 6-4 (Groundball, 6, EV 84.4 MPH)
Top of the 4th over - 2 runs, 4 hits, 0 errors, 2 left on base; Atlanta 2 - Washington 0
BOTTOM OF THE 4TH
Washington Nationals batting - Pitching for Atlanta Braves : LHP Cole Hamels
Batting: RHB Austin Barnes 0-0: Fly out, F8 (Line Drive, 8RM, EV 110.0 MPH)
Batting: SHB Aaron Hicks 0-0: Ball
1-0: Foul Ball, location: 2F
1-1: Ball
2-1: Swinging Strike
2-2: Ball
3-2: SINGLE (Groundball, 34D, EV 110.6 MPH)
Batting: RHB Chris Taylor 0-0: Ball
Aaron Hicks steals 2nd base
1-0: Foul Ball, location: 2F
1-1: Foul Ball, location: 2F
1-2: SINGLE (Groundball, 5D, EV 96.3 MPH)
Aaron Hicks to third
Batting: LHB Yonder Alonso Pickoff Throw to First - Error! E1
Aaron Hicks scores
Chris Taylor to second
0-0: Ball
1-0: Ball
2-0: Foul Ball, location: 2F
2-1: Foul Ball, location: 2F
2-2: Strikes out swinging
Batting: LHB Joe Panik 0-0: Ball
1-0: Ball
2-0: Foul Ball, location: 2F
2-1: Ball
3-1: Ground out 4-3 (Groundball, 4, EV 87.5 MPH)
Bottom of the 4th over - 1 run, 2 hits, 1 error, 1 left on base; Atlanta 2 - Washington 1
TOP OF THE 5TH
Atlanta Braves batting - Pitching for Washington Nationals : RHP Corey Kluber
Batting: LHB Mallex Smith 0-0: Ground out U3 (Groundball, 3, EV 94.4 MPH)
Batting: LHB Ben Gamel 0-0: Called Strike
0-1: Ball
1-1: Ball
2-1: Foul Ball, location: 2F
2-2: Foul Ball, location: 2F
2-2: SINGLE (Groundball, 6D, EV 104.4 MPH)
Batting: RHB Miguel Sano 0-0: Called Strike
0-1: Swinging Strike
0-2: Ball
1-2: Ball
2-2: Foul Ball, location: 2F
2-2: Foul Ball, location: 2F
2-2: Ball
3-2: Strikes out swinging
Batting: LHB Lucas Duda 0-0: Called Strike
0-1: Foul Ball, location: 2F
0-2: Strikes out looking
Top of the 5th over - 0 runs, 1 hit, 0 errors, 1 left on base; Atlanta 2 - Washington 1
BOTTOM OF THE 5TH
Washington Nationals batting - Pitching for Atlanta Braves : LHP Cole Hamels
Batting: RHB Daniel Robertson 0-0: Ball
1-0: Foul Ball, location: 2F
1-1: Ball
2-1: Foul Ball, location: 2F
2-2: Foul Ball, location: 2F
2-2: Foul Ball, location: 2F
2-2: Ball
3-2: Base on Balls
Batting: RHB Jose Pirela 0-0: Fly out, F8 (Flyball, 8RXD, EV 103.1 MPH)
Batting: RHB Corey Kluber 0-0: Ball
1-0: Ball
2-0: Bunted foul
2-1: Ball
3-1: Sac Bunt to 2L - play at first, batter OUT! 2-4
Daniel Robertson to second
Batting: RHB Yulieski Gurriel 0-0: Foul Ball, location: 2F
0-1: Ball
1-1: Swinging Strike
1-2: Foul Ball, location: 2F
1-2: Ball
2-2: Foul Ball, location: 2F
2-2: Ball
3-2: DOUBLE (Line Drive, 78M, EV 94.4 MPH)
Daniel Robertson scores
Batting: RHB Austin Barnes 0-0: Ball
1-0: Called Strike
1-1: Swinging Strike
1-2: Ball
2-2: Strikes out swinging
Bottom of the 5th over - 1 run, 1 hit, 0 errors, 1 left on base; Atlanta 2 - Washington 2
TOP OF THE 6TH
Atlanta Braves batting - Pitching for Washington Nationals : RHP Corey Kluber
Pitching: LHP Jake McGee
Batting: RHB Domingo Santana 0-0: Called Strike
0-1: Ball
1-1: DOUBLE (Flyball, 8LXD, EV 104.4 MPH)
Batting: RHB Adeiny Hechavarria 0-0: Called Strike
0-1: Ground out 5-3 (Groundball, 56, EV 105.6 MPH)
Batting: RHB Pat Valaika 0-0: Swinging Strike
0-1: Ball
1-1: Foul Ball, location: 2F
1-2: Strikes out swinging
Batting: RHB Jorge Alfaro 0-0: Intentional Walk
Pinch Hitting: RHB Matt Davidson 0-0: Ball
1-0: Ball
2-0: Called Strike
2-1: Swinging Strike
2-2: Foul Ball, location: 2F
2-2: Strikes out looking
Top of the 6th over - 0 runs, 1 hit, 0 errors, 2 left on base; Atlanta 2 - Washington 2
BOTTOM OF THE 6TH
Washington Nationals batting - Pitching for Atlanta Braves : LHP Cole Hamels
Pitching: RHP Matt Wisler
Batting: SHB Aaron Hicks 0-0: Called Strike
0-1: Foul Ball, location: 2F
0-2: Ball
1-2: Foul Ball, location: 2F
1-2: Fly out, F8 (Line Drive, 8LD, EV 92.5 MPH)
Batting: RHB Chris Taylor 0-0: Called Strike
0-1: Ball
1-1: Ball
2-1: Fly out, F7 (Flyball, 7LS, EV 82.5 MPH)
Batting: LHB Yonder Alonso 0-0: Ball
1-0: Ball
2-0: Ball
3-0: Called Strike
3-1: Base on Balls
Batting: LHB Joe Panik 0-0: Ground out 6-3 (Groundball, 6S, EV 61.3 MPH)
Bottom of the 6th over - 0 runs, 0 hits, 0 errors, 1 left on base; Atlanta 2 - Washington 2
TOP OF THE 7TH
Atlanta Braves batting - Pitching for Washington Nationals : LHP Jake McGee
Batting: LHB Mallex Smith 0-0: Called Strike
0-1: Swinging Strike
0-2: Ball
1-2: Ball
2-2: Ball
3-2: Strikes out looking
Batting: LHB Ben Gamel 0-0: Ball
1-0: Ball
2-0: Called Strike
2-1: Fly out, F6 (Popup, 6MD, EV 52.5 MPH)
Batting: RHB Miguel Sano 0-0: Ball
1-0: Swinging Strike
1-1: Ball
2-1: Ground out 1-3 (Groundball, P, EV 76.3 MPH)
Top of the 7th over - 0 runs, 0 hits, 0 errors, 0 left on base; Atlanta 2 - Washington 2
BOTTOM OF THE 7TH
Washington Nationals batting - Pitching for Atlanta Braves : RHP Matt Wisler
Batting: RHB Daniel Robertson 0-0: Called Strike
0-1: SINGLE (Groundball, 34D, EV 96.9 MPH)
Batting: RHB Jose Pirela 0-0: Ball
1-0: Foul Ball, location: 2F
1-1: Foul Ball, location: 2F
1-2: Ball
2-2: Ball
3-2: Base on Balls
Daniel Robertson to second
Batting: LHB Jake McGee 0-0: Bunt - Flyout to 13! F1
Batting: RHB Yulieski Gurriel 0-0: DOUBLE (Flyball, 78XD, EV 95.0 MPH)
Daniel Robertson scores
Jose Pirela to third
Runner from 3rd tries for Home, SAFE, throw by LF to trailing runner, SAFE at third!
Batting: RHB Austin Barnes 0-0: Foul Ball, location: 2F
0-1: Called Strike
0-2: Foul Ball, location: 2F
0-2: Ball
1-2: Strikes out looking
Batting: SHB Aaron Hicks 0-0: Ball
1-0: Ball
2-0: Ball
3-0: Base on Balls
Batting: RHB Chris Taylor 0-0: Ball
1-0: Called Strike
1-1: Called Strike
1-2: Ball
2-2: Foul Ball, location: 2F
2-2: Strikes out looking
Bottom of the 7th over - 2 runs, 2 hits, 0 errors, 2 left on base; Atlanta 2 - Washington 4
TOP OF THE 8TH
Atlanta Braves batting - Pitching for Washington Nationals : LHP Jake McGee
Pitching: RHP Bud Norris
Batting: LHB Lucas Duda 0-0: Ball
1-0: Foul Ball, location: 2F
1-1: Called Strike
1-2: Strikes out looking
Batting: RHB Domingo Santana 0-0: Called Strike
0-1: Swinging Strike
0-2: Strikes out swinging
Batting: RHB Adeiny Hechavarria 0-0: Fly out, F1 (Line Drive, P, EV 63.1 MPH)
Top of the 8th over - 0 runs, 0 hits, 0 errors, 0 left on base; Atlanta 2 - Washington 4
BOTTOM OF THE 8TH
Washington Nationals batting - Pitching for Atlanta Braves : RHP Matt Wisler
Pitching: RHP Ryan Dull
Batting: LHB Yonder Alonso 0-0: SINGLE (Line Drive, 8RS, EV 98.8 MPH)
Batting: LHB Joe Panik 0-0: Ball
1-0: Called Strike
1-1: Called Strike
1-2: Ball
2-2: Foul Ball, location: 2F
2-2: Ball
Wild Pitch!
Yonder Alonso to second
3-2: Base on Balls
Batting: RHB Daniel Robertson 0-0: Ball
1-0: Foul Ball, location: 2F
1-1: SINGLE (Line Drive, 4MD, EV 103.8 MPH)
Yonder Alonso to third
Joe Panik to second
Batting: RHB Jose Pirela 0-0: Foul Ball, location: 2F
0-1: Foul Ball, location: 2F
0-2: Strikes out swinging
Batting: RHB Bud Norris 0-0: Ball
1-0: Grounds into double play, 6-2-3 (Groundball, 56, EV 103.8 MPH)
Bottom of the 8th over - 0 runs, 2 hits, 0 errors, 2 left on base; Atlanta 2 - Washington 4
TOP OF THE 9TH
Atlanta Braves batting - Pitching for Washington Nationals : RHP Bud Norris
Batting: RHB Pat Valaika 0-0: Foul Ball, location: 2F
0-1: Ball
1-1: Foul Ball, location: 2F
1-2: Foul Ball, location: 2F
1-2: Ball
2-2: Foul Ball, location: 2F
2-2: Foul Ball, location: 2F
2-2: Foul Ball, location: 2F
2-2: Fly out, F6 (Popup, P, EV 77.5 MPH)
Batting: RHB Jorge Alfaro 0-0: Called Strike
0-1: Swinging Strike
0-2: Ball
1-2: Strikes out swinging
Pinch Hitting: SHB Robbie Grossman 0-0: Ball
1-0: Fly out, F8 (Flyball, 8LM, EV 96.3 MPH)
Top of the 9th over - 0 runs, 0 hits, 0 errors, 0 left on base; Atlanta 2 - Washington 4
Tuesday, September 24th, 2019 - OOTP Baseball 20.6 Build 55